 Dungeon Crawl Stone Soup version 0.19-a0-1886-gd64a0f0 (console) character file.

134 ChaseSP the Changer (level 5, -2/37 HPs)
             Began as a Merfolk Transmuter on Oct 16, 2016.
             Slain by a gnoll
             ... wielding a +0 flail
              (6 damage)
             ... on level 3 of the Dungeon on Oct 17, 2016.
             The game lasted 00:11:12 (2912 turns).

ChaseSP the Changer (Merfolk Transmuter)            Turns: 2912, Time: 00:11:14

Health: -2/37      AC:  5    Str: 10    XL:     5   Next: 17%
Magic:  4/8        EV: 12    Int: 12    God:
Gold:   121        SH:  0    Dex: 16    Spells: 2 memorised, 3 levels left

rFire  . . .     SeeInvis .       - Unarmed
rCold  . . .     Gourm    .     g - +1 leather armour (curse)
rNeg   . . .     Faith    .     (no shield)
rPois  .         Spirit   .     e - +0 helmet
rElec  .         Dismiss  .     (no cloak)
rCorr  .         Reflect  .     (no gloves)
MR     .....     Harm     .     (no boots)
Stlth  +.........               (no amulet)
                                (no ring)
                                r - ring of wizardry (curse)

@: no status effects
A: change form in water, swift swim, stealthy swim
a: no special abilities


You were on level 3 of the Dungeon.
You were very hungry.

You visited 1 branch of the dungeon, and saw 3 of its levels.

You collected 121 gold pieces.

Inventory:

Missiles
 a - 68 arrows
Armour
 e - a +0 helmet (worn)
 g - a cursed +1 leather armour (worn)
 k - a +0 ring mail
Jewellery
 r - a cursed ring of wizardry (left hand)
Scrolls
 f - a scroll of identify
 j - a scroll of amnesia
 q - a scroll of recharging
Potions
 m - a potion of flight
 o - a potion of might {unknown}
Books
 c - a book of Changes

   Spells                             Type                      Level
   a - Beastly Appendage              Transmutation                1
   b - Sticks to Snakes               Transmutation                2
   c - Spider Form                    Transmutation/Poison         3
   d - Ice Form                       Ice/Transmutation            4
   e - Blade Hands                    Transmutation                5
Comestibles
 d - 3 bread rations
 h - 2 fruits
 i - 3 meat rations
 l - a royal jelly
 n - 2 slices of pizza


   Skills:
 - Level 1.1 Fighting
 - Level 2.6 Dodging
 + Level 4.8 Unarmed Combat
 - Level 2.0 Spellcasting
 - Level 5.0 Transmutations
 - Level 1.2 Poison Magic


You had 3 spell levels left.
You knew the following spells:

 Your Spells              Type           Power        Failure   Level  Hunger
a - Spider Form           Tmut/Pois      #.........   14%         3    ####...
b - Sticks to Snakes      Tmut           ##......     4%          2    ###....


Dungeon Overview and Level Annotations

Branches:
Dungeon (3/15)

Altars:

Annotations:
D:3 exclusion: player ghost, JacktheKnight's ghost, amateur MfGl


Message History

You see here a club.
You hit the gnoll.
The gnoll is severely wounded.
Your adder barely misses the gnoll.
Your ball python bites the gnoll.
Your ball python constricts the gnoll.
The gnoll barely misses you.
The gnoll struggles to escape constriction.
You hit the gnoll.
The gnoll is severely wounded.
Your adder bites the gnoll.
The gnoll is poisoned.
Your adder poisons the gnoll!
Your ball python bites the gnoll but does no damage.
Your ball python constricts the gnoll.
The gnoll misses you.
The gnoll struggles to escape constriction.
You completely miss the gnoll.
The gnoll is almost dead.
Your adder completely misses the gnoll.
Your ball python bites the gnoll but does no damage.
Your ball python constricts the gnoll.
Your adder misses the gnoll. The gnoll hits you with a flail.
You die...

.....# .....
...#
########...
......S..#
#†g.#
#.#####...##
#......Sg..#
#######.@.##
#.....#
#.#...#
#.#.#.#
#.#.#.#
#.#.#.#
#.#.#)######
#..........#
###........#


You could see 2 gnolls, a friendly adder and a friendly ball python.

Vanquished Creatures
  Robin (D:2)
  An adder (D:2)
  4 gnolls (D:3)
  4 leopard geckos
  An orc (D:3)
  A ball python (D:2)
  16 goblins
  7 hobgoblins (D:2)
  2 jackals (D:2)
  8 kobolds
  8 bats
  4 frilled lizards
  2 rats
59 creatures vanquished.

Vanquished Creatures (collateral kills)
  A gnoll (D:3)
  An adder (D:2)
  A dart slug (D:2)
  A goblin (D:2)
  A hobgoblin (D:2)
  A jackal (D:2)
  A quokka (D:3)
7 creatures vanquished.

Grand Total: 66 creatures vanquished

Notes
Turn   | Place    | Note
-------+----------+-------------------------------------------
     0 | D:1      | ChaseSP the Merfolk Transmuter began the quest for the Orb.
     0 | D:1      | Reached XP level 1. HP: 15/15 MP: 3/3
   389 | D:1      | Reached XP level 2. HP: 21/21 MP: 5/5
   459 | D:1      | Learned a level 2 spell: Sticks to Snakes
   556 | D:1      | Reached skill level 3 in Transmutations
  1062 | D:2      | Reached XP level 3. HP: 26/26 MP: 0/6
  1097 | D:2      | Learned a level 3 spell: Spider Form
  1270 | D:2      | Reached skill level 4 in Transmutations
  1611 | D:2      | Noticed Robin
  1640 | D:2      | Reached XP level 4. HP: 23/32 MP: 1/7
  1700 | D:2      | Killed Robin
  1700 | D:2      | Reached skill level 1 in Poison Magic
  2250 | D:2      | Reached skill level 5 in Transmutations
  2344 | D:3      | Noticed JacktheKnight's ghost (amateur MfGl)
  2888 | D:3      | Reached XP level 5. HP: 27/37 MP: 6/8
  2912 | D:3      | Slain by a gnoll

Vault maps used:
D:1:      elethiomel_arrival_quiet
D:2:      kennysheep_goblin_castle, minmay_crystal_room, roderic_roman_lattice,
          minivault_19, grunt_ministairs_6

Skill      XL: |  1  2  3  4 |
---------------+-------------+-----
Unarmed Combat | 4 |  4.8
Transmutations | 3 4 5 |  5.0
Poison Magic   | 1 |  1.2
Fighting       | |  1.1
Dodging        | |  2.6
Spellcasting   | |  2.0

Action                   |  1- 3 |  4- 6 || total
-------------------------+-------+-------++-------
Melee: Unarmed           |   118 |   127 ||   245
       Headbutt          |     1 |       ||     1
       Tailslap          |       |     1 ||     1
       Punch             |       |     1 ||     1
 Cast: Beastly Appendage |     1 |       ||     1
       Sticks to Snakes  |     6 |     6 ||    12
       Spider Form       |       |     1 ||     1
  Use: Scroll            |     4 |     3 ||     7
 Stab: Distracted        |       |     1 ||     1
  Eat: Chunk             |     3 |     4 ||     7
Armor: Leather armour    |    46 |    34 ||    80
       Skin              |       |     1 ||     1
Dodge: Dodged            |    90 |   100 ||   190
